 Seeded DCSS version 0.30-a0-219-gf2db51d15e (webtiles) character file.

Game seed: 3736021085809959607 (custom seed)

149 purpskrrrp the Sneak (level 5, -4/24 (26) HPs)
             Began as a Spriggan Brigand on Oct 6, 2022.
             Was a Believer of Cheibriados.
             Slain by a hell rat (6 damage)
             ... in a sewer.
             The game lasted 00:07:25 (2761 turns).

purpskrrrp the Sneak (Spriggan Brigand)             Turns: 2761, Time: 00:07:25

HP:   -4/24 (26)    AC:  3    Str: 11    XL:     5   Next: 9%
MP:   6/6           EV: 20    Int: 16    God:    Cheibriados [**....]
Gold: 211           SH:  5    Dex: 23    Spells: 4/4 levels left

rFire   . . .      SeeInvis +    a - +2 dagger
rCold   . . .      Faith    .    (no shield)
rNeg    . . .      Spirit   .    b - +0 robe
rPois   .          Reflect  +    (helmet restricted)
rElec   .          Harm     .    c - +0 cloak
rCorr   +          Rampage  .    (gloves unavailable)
Will    .....                    (boots unavailable)
Stlth   ++++......               f - amulet of reflection
HPRegen 0.24/turn                q - ring of resist corrosion
MPRegen 0.10/turn                (no ring)

@: flying, drained
A: very small, no large weapons, unfitting armour, see invisible, speed 3
a: Renounce Religion, Bend Time


You were in a sewer.
You worshipped Cheibriados.
Cheibriados was pleased with you.
You visited 1 branch of the dungeon, and saw 4 of its levels.
You also visited: Sewer.

You collected 211 gold pieces.

Inventory:

Hand Weapons
 a - a +2 dagger (weapon)
Missiles
 d - 13 poisoned darts (quivered)
 e - 3 curare-tipped darts
Armour
 b - a +0 robe (worn)
 c - a +0 cloak (worn)
Jewellery
 f - an amulet of reflection (around neck)
 q - a ring of resist corrosion (left hand)
Wands
 t - a wand of flame (8)
Scrolls
 h - 2 scrolls of identify
 l - a scroll of vulnerability
 r - 2 scrolls of butterflies {unknown}
 w - a scroll of enchant weapon {unknown}
 x - a scroll of teleportation {unknown}
Potions
 g - 2 potions of ambrosia {unknown}
 i - a potion of attraction {unknown}
 j - a potion of lignification
 k - a potion of berserk rage {unknown}
 s - a potion of might {unknown}
 u - a potion of degeneration {unknown}


   Skills:
 - Level 1.8 Fighting
 + Level 3.2 Short Blades
 - Level 2.0 Throwing
 * Level 4.2 Dodging
 * Level 7.4 Stealth


You had 4 spell levels left.
You didn't know any spells.
Your spell library contained the following spells:

 Spells                   Type           Power      Damage    Failure   Level
 Beastly Appendage        Tmut           0%         N/A       26%         1
 Wereblood                Tmut           0%         N/A       36%         2
 Spider Form              Tmut/Pois      0%         N/A       58%         3
 Airstrike                Air            0%         2d(0-16)  94%         4
 Summon Lightning Spire   Summ/Air       0%         N/A       94%         4
 Lightning Bolt           Conj/Air       0%         1d11      100%        5


Dungeon Overview and Level Annotations

Branches:
Dungeon (4/15)              Sewer (1/1)
 Temple: D:4-7

Altars:
Cheibriados

Annotations:
D:3 1 runed translucent door, Iusername's ghost, amateur HuHu


Innate Abilities, Weirdness & Mutations

You are very small and have problems with some larger weapons.
You are too small for most types of armour.
You have supernaturally acute eyesight. (SInv)
You cover ground extremely quickly. (Speed+++)


Message History

Okay, then.
As you read the scroll labelled HABBUC GEYCH, it crumbles to dust.
The creatures around you are filled with an inner flame!
It was a scroll of immolation.
You block the hell rat's attack.
You enter the shallow water.
Moving in this stuff is going to be slow.
The hell rat splashes around in the water.
You enter the shallow water.
Moving in this stuff is going to be slow.
You see here a river rat corpse.
You enter the shallow water.
Moving in this stuff is going to be slow.
The hell rat splashes around in the water.
The hell rat bites you.
You feel drained.
You enter the shallow water.
Moving in this stuff is going to be slow.
The hell rat bites you.
* * * LOW HITPOINT WARNING * * *
You feel drained. The hell rat completely misses you.
You feel better. The hell rat misses you.
The hell rat attacks as you move away! The hell rat closely misses you.
There is an empty arch of ancient stone here.
You enter the shallow water.
Moving in this stuff is going to be slow.
The hell rat attacks as you move away! You block the hell rat's attack.
The hell rat misses you.
As you read the scroll labelled VAPTACV PYITHI, it crumbles to dust.
Your body is wracked with pain!
It was a scroll of torment.
You block the hell rat's attack.
As you read the scroll labelled OCLEAP QAGOVO, it crumbles to dust.
You hear a loud clanging noise!
It was a scroll of noise.
The hell rat bites you!
* * * LOW HITPOINT WARNING * * *
It was a potion of flight.
You feel very buoyant.
You fly up into the air.
The hell rat bites you but does no damage.
The hell rat bites you.
You die...

#..##~~!##.~#
#.~#~~~!?#~.#
#~~'~~~?∩#∩∩#
#.†#~~~!!#~.#
#..##~~!##.~#
#~~~#~~~#~~~#
##~.##.##~.##
#..~###r~~#
##~..~@.~##
#.~.~~..#
###~..###
#####


You could see a hell rat (inner flame).

Vanquished Creatures
  Terence (D:3)
  3 adders
  3 river rats (Sewer)
  A worm (D:3)
  A dart slug (D:1)
  4 orcs (D:4)
  8 endoplasms
  2 giant cockroaches
  5 goblins
  2 hobgoblins (D:3)
  2 quokkas
  4 ball pythons
  8 bats
  3 frilled lizards (D:1)
  7 kobolds
  8 rats
62 creatures vanquished.

Notes
Turn   | Place    | Note
-------+----------+-------------------------------------------
     0 | D:1      | purpskrrrp the Spriggan Brigand began the quest for the
                  | Orb.
     0 | D:1      | Reached XP level 1. HP: 10/10 MP: 2/2
    61 | D:1      | Found a faded altar of an unknown god.
   317 | D:1      | Reached skill level 6 in Stealth
   337 | D:1      | Reached XP level 2. HP: 15/15 MP: 3/3
   847 | D:1      | Prayed at the altar of an unknown god.
   847 | D:1      | Became a worshipper of Cheibriados the Contemplative
   847 | D:1      | Reached * piety under Cheibriados
  1333 | D:2      | Reached XP level 3. HP: 18/18 MP: 4/4
  1952 | D:3      | Noticed Terence
  1953 | D:3      | Found a runed translucent door.
  2005 | D:3      | Killed Terence
  2006 | D:3      | Reached XP level 4. HP: 23/23 MP: 5/5
  2127 | D:3      | Reached skill level 7 in Stealth
  2260 | D:3      | Noticed Iusername's ghost (amateur HuHu)
  2558 | D:4      | Found a glowing drain.
  2624 | Sewer    | Entered a sewer
  2651 | Sewer    | Reached ** piety under Cheibriados
  2697 | Sewer    | Reached XP level 5. HP: 14/26 MP: 6/6
  2761 | Sewer    | Slain by a hell rat

Illustrated notes

Levels and vault maps discovered:
D:1:      mrwooster_arrival_statue_2, layout_loops_corners,
          basic_ecumenical_altar
D:2:      layout_basic
D:3:      layout_rooms, ebering_ghost_sewer_d, kennysheep_generic_room_10,
          uniq_terence
D:4:      layout_cave_pools, trog_butcher_becter, portal_sewer_entry_d,
          uniq_eustachio
Sewer:    sewer_hellmonk_bad_rat

Skill      XL: |  1  2  3  4 |
---------------+-------------+-----
Dodging        | 2 3 4 |  4.2
Stealth        | 6 7 |  7.4
Short Blades   | 3 |  3.2
Fighting       | |  1.8
Throwing       | |  2.0

Action                   |  1- 3 |  4- 6 || total
-------------------------+-------+-------++-------
Melee: Dagger            |    97 |   149 ||   246
       Punch             |     1 |       ||     1
  Use: Scroll            |     2 |     3 ||     5
       Potion            |     1 |     3 ||     4
 Stab: Sleeping          |    14 |     9 ||    23
Armor: Robe              |    10 |     5 ||    15
       Skin              |     4 |       ||     4
Dodge: Dodged            |    69 |   139 ||   208
Block: Other             |    21 |    33 ||    54

Table legend: (Time is in decaauts)
 A = Elapsed time spent in this place.
 B = Non-inter-level travel time spent in this place.
 C = Inter-level travel time spent in this place.
 D = Time resting spent in this place.
 E = Time spent auto-exploring this place.
 F = Levels seen in this place.
 G = Mean time per level.
                   A        B        C        D        E       F      G
               +--------+--------+--------+--------+--------+-----+--------+
         Total |   2431 |   2283 |    148 |     53 |   1633 |   5 |  486.2 |
       Dungeon |   2289 |   2141 |    148 |     53 |   1630 |   4 |  572.2 |
         Sewer |    142 |    142 |      0 |      0 |      2 |   1 |  142.0 |
               +--------+--------+--------+--------+--------+-----+--------+

Top non-repeatable levels by time:
     D:2: 954 daAuts
     D:3: 600 daAuts
     D:1: 562 daAuts
     D:4: 172 daAuts
   Sewer: 142 daAuts
